groovejumper, neutral female human Wizard ---#------- -------- |.........| --------------- |.{....| ------- |.........| |.............| #.......| |.....| |.........| |....+........| #|......| |.....| |.........-######## -------------.- #--------#######......| ----------- # # # #### |.....| ### # # # |.....| # # # ### ------- ### ### # # # # # ### ----- --------- ### ## # # |=*.| |.......-##########----|-------- ### |...+########|.......| ####............| # |...| #|0......| # |............## ----- |...| #|.......| ####............| |..)| |...| #--------- # |........f..%@####.>..| ----- ################# ------------- |...| ----- groovejumper the Thaumaturge Experience level: 6 Strength: 10 Dexterity: 18 Constitution: 11 Intelligence: 17 Wisdom: 13 Charisma: 8 Health: 0(37) Energy: 65(67) AC: 9 Gold: 0 Moves: 3253 Your Inventory: Weapons a - a blessed +1 quarterstaff (weapon in hands) S - 2 [uncursed +0] darts Y - 6 [cursed -1] darts Armor b - an uncursed +0 cloak of magic resistance (being worn) Comestibles F - 3 [uncursed] cream pies X - 2 [uncursed] food rations Scrolls o - an uncursed scroll of gold detection v - a cursed scroll of genocide G - a cursed scroll of remove curse H - an uncursed scroll of punishment T - a [cursed] scroll of teleportation V - an [uncursed] scroll labeled HAPAX LEGOMENON [of enchant weapon] W - a [blessed] scroll labeled HAPAX LEGOMENON [of enchant weapon] Z - an [uncursed] scroll labeled HACKEM MUCHE [of fire] Spellbooks k - an [uncursed] spellbook of drain life l - a blessed spellbook of force bolt Potions f - an uncursed potion of full healing g - an uncursed clear potion [of water] h - an uncursed potion of see invisible t - a cursed potion of restore ability C - an uncursed clear potion [of water] I - an uncursed clear potion [of water] J - an uncursed clear potion [of water] K - a cursed potion of gain level Rings d - an uncursed ring of polymorph m - an [uncursed] jade ring [of protection from shape changers] n - an [uncursed +2] plastic ring [of gain dexterity] p - an [uncursed] steel ring [of searching] r - an [uncursed] mithril ring [of teleport control] B - an [uncursed] ivory ring [of fire resistance] D - an [uncursed] plain ring [of shock resistance] E - an [uncursed +2] plastic ring [of gain dexterity] L - a cursed ring of polymorph control M - a cursed ring of poison resistance Wands c - an uncursed wand of undead turning (0:8) q - an uncursed wand of slow monster (0:6) x - a cursed wand of light (0:13) N - a cursed wand of create monster (0:11) Tools u - an [uncursed] tinning kit [0:78] w - a [cursed] magic whistle Spells known in the end: Name Level Category Fail Memory a - force bolt 1 attack 0% [|||||||.] b - light 1 divination 0% [|||||||.] c - confuse monster 2 enchantment 0% [||||||||] d - detect food 2 divination 51% [||||||||] e - drain life 2 attack 0% [||||||||] Your skills at the end: Fighting Skills Weapon Skills quarterstaff [Basic / Expert] Spellcasting Skills attack spells [Basic / Expert] enchantment spells [Basic / Skilled] Final Attributes: You were piously aligned. Hunger level was 388. Your alignment was 26 / 26. Monster difficulty range was 0 - 5. Level difficulty was 4. You were magic-protected. You were lucky (1). You are dead. Vanquished creatures: 2 water demons a gnome lord a gray ooze a dwarf zombie a wererat 2 iguanas a coyote a cave spider a yellow mold 9 Keystone Kops 3 gnome zombies 6 geckos 3 jackals 2 kobolds a goblin a sewer rat 12 grid bugs a bat 3 lichens 7 newts 59 creatures vanquished. Voluntary challenges: You used a wielded weapon 42 times. You read items or engraved 45 times. You put on armor 1 time. You never genocided any monsters. You never polymorphed an object. You never changed form. You used no wishes. You wrote Elbereth's name 25 times. You encountered 1 bones level. You never used any Sokoban shortcuts. Dungeon overview: The Dungeons of Doom: levels 1 to 4 Level 1 a fountain a long staircase Level 2 a fountain stairs to The Gnomish Mines Level 3 some fountains Level 4 <- You were here a jewelry store, a fountain The Gnomish Mines: Level 3 stairs to The Dungeons of Doom History has recorded: On T:1 you entered the Dungeons of Doom to retrieve the Amulet of Yendor! On T:335 you reached level 2 of The Dungeons of Doom. On T:378 you reached level 1 of The Gnomish Mines. On T:567 you advanced to experience level 2. On T:1465 you reached level 3 of The Dungeons of Doom. On T:1805 you advanced to experience level 3. On T:1998 you advanced to experience level 4. On T:2312 you advanced to experience level 5. On T:2342 you advanced to experience level 6. On T:2417 you reached level 4 of The Dungeons of Doom. Latest messages: The wand misses Taro. Boing! Hoboken zaps a wand of striking! Boing! The wand hits the Keystone Kop! The Keystone Kop is killed! The wand hits it. Hoboken zaps a wand of striking! Boing! The wand hits it. Hoboken zaps a wand of striking! Boing! Hoboken zaps a wand of striking! Boing! Hoboken zaps a wand of striking! Boing! [HP+1=33] Hoboken hits! (2x) [HP-23=10] Hoboken hits! You die... Hoboken takes all your possessions. Final status: Goodbye groovejumper the Wizard... You died in The Dungeons of Doom on dungeon level 4 with 1972 points, and 0 pieces of gold, after 3253 moves. You were level 6 with a maximum of 37 hit points when you died.